 Dungeon Crawl Stone Soup version 0.27.0-1-g7a089689b8 (webtiles) character file.

Game seed: 8563449595514994308

6 hawla the Sneak (level 1, -3/30 HPs)
             Began as a Minotaur Delver on Aug 8, 2021.
             Slain by a phantom (6 damage)
             ... on level 4 of the Dungeon.
             The game lasted 00:01:59 (182 turns).

hawla the Sneak (Minotaur Delver)                    Turns: 182, Time: 00:02:00

Health: -3/30      AC: 20    Str: 16    XL:     1   Next: 75%
Magic:  0/0        EV:  2    Int:  7    God:
Gold:   10         SH:  0    Dex: 11    Spells: 0/0 levels left

rFire    . . .     SeeInvis .   a - +0 hand axe
rCold    . . .     Faith    .   (no shield)
rNeg     + + +     Spirit   .   (armour currently unavailable)
rPois    +         Reflect  .   (helmet currently unavailable)
rElec    .         Harm     .   (cloak currently unavailable)
rCorr    .         Rampage  .   (gloves currently unavailable)
Will     .....     NoTele   +   (boots currently unavailable)
Stlth    ++........             (no amulet)
HPRegen  0.10/turn              (no ring)
MPRegen  0.07/turn              (no ring)

@: tree-form
A: stationary, stasis, torment immunity, boosted hp, (horns 2), (retaliatory
headbutt)
a: no special abilities


You were on level 4 of the Dungeon.
You were a tree.
You visited 1 branch of the dungeon, and saw 2 of its levels.

You collected 10 gold pieces.

Inventory:

Hand Weapons
 a - a +0 hand axe (weapon)
Armour
 b - a +0 leather armour (melded)
Wands
 g - a wand of digging (3)
Scrolls
 c - a scroll of fog
 d - 2 scrolls of magic mapping
 e - a scroll of fear
 h - a scroll of identify {unknown}
Potions
 f - a potion of haste
 i - a potion of lignification


   Skills:
 + Level 3.7 Fighting
 + Level 2.5 Axes
 + Level 0.3 Armour
 + Level 2.3 Dodging
 + Level 4.1 Stealth
 + Level 0.2 Evocations


You couldn't memorise any spells.
You didn't know any spells.
Your spell library was empty.

Dungeon Overview and Level Annotations

Branches:
Dungeon (5/15)
 Temple: D:4-7

Altars:
Okawaru

Annotations:
D:5 Blork the orc


Innate Abilities, Weirdness & Mutations

You are a tree.
Your roots penetrate the ground, keeping you stationary.
You cannot be teleported.
You are immune to unholy pain and torment.
Your maximum health is greatly increased.
Your equipment is partially melded.
((You have a pair of horns on your head.))
((You reflexively headbutt those who attack you in melee.))


Message History

You hit the phantom but do no damage.
The phantom is heavily damaged.
The phantom hits you!
* * * LOW HITPOINT WARNING * * *
The phantom blinks!
You blink.
It was a potion of lignification.
You turn into a tree.
Your +0 leather armour melds into your body.
Your roots penetrate the ground.
The phantom hits you but does no damage.
You hit the phantom but do no damage.
The phantom is heavily damaged.
The phantom hits you.
* * * LOW HITPOINT WARNING * * *
You hit the phantom.
The phantom is heavily damaged.
The phantom hits you.
* * * LOW HITPOINT WARNING * * *
You slash the phantom!
The phantom is severely damaged.
The phantom hits you but does no damage.
You miss the phantom.
The phantom is severely damaged.
The phantom hits you.
* * * LOW HITPOINT WARNING * * *
It was a potion of curing.
You feel better.
The phantom hits you but does no damage.
You barely miss the phantom.
The phantom is severely damaged.
The phantom hits you.
* * * LOW HITPOINT WARNING * * *
The phantom hits you.
* * * LOW HITPOINT WARNING * * *
Okay, then.
You slash the phantom!
The phantom is almost destroyed.
The phantom hits you but does no damage.
You hit the phantom but do no damage.
The phantom is almost destroyed.
The phantom hits you.
You die...

##. #.....# ..
##....# .. ####'##
#.....#
#.....##### #
##........# ..
#........#
...#######..#
.......♣.#..# . .
........W'..# ....
+##......####.....
#..?...)........
#............?..
#...............
#......†........
........######+#.
.........#


You could see a phantom.

Vanquished Creatures
  A dart slug (D:4)
  A hobgoblin (D:4)
  2 goblins (D:4)
4 creatures vanquished.

Notes
Turn   | Place    | Note
-------+----------+-------------------------------------------
     0 | D:5      | hawla the Minotaur Delver began the quest for the Orb.
     0 | D:5      | Reached XP level 1. HP: 19/19 MP: 0/0
     3 | D:5      | Found an iron altar of Okawaru.
    22 | D:5      | Noticed Blork the orc
   162 | D:4      | Noticed a phantom
   182 | D:4      | Slain by a phantom

Illustrated notes

Levels and vault maps discovered:
D:4:      layout_gridville, temple_fountains, guppyfry_early_orc_mine,
          uniq_menkaure, uniq_pikel
D:5:      layout_basic, mainiacjoe_overflow_chevrons, uniq_blork_the_orc

Action                   || total
-------------------------++-------
Melee: Hand axe          ||    21
       Headbutt          ||     2
  Use: Potion            ||     2
Armor: Leather armour    ||     6
       Skin              ||     4
Dodge: Dodged            ||     2
